 Dungeon Crawl Stone Soup version 0.28-a0-1190-g77e1c55843 (webtiles) character file.

Game seed: 4845015426734828352

17 freelancePsychic the Caller (level 2, 0/19 HPs)
             Began as a Demonspawn Wanderer on Dec 18, 2021.
             Slain by an adder (4 damage)
             ... on level 2 of the Dungeon.
             The game lasted 00:02:26 (1893 turns).

freelancePsychic the Caller (Demonspawn Wanderer)   Turns: 1893, Time: 00:02:27

Health: 0/19       AC:  2    Str: 12    XL:     2   Next: 44%
Magic:  3/5        EV: 11    Int: 12    God:
Gold:   28         SH:  0    Dex: 13    Spells: 4/5 levels left

rFire   . . .      SeeInvis .   a - +0 short sword
rCold   . . .      Faith    .   (no shield)
rNeg    . . .      Spirit   .   c - +0 robe
rPois   .          Reflect  .   (no helmet)
rElec   .          Harm     .   (no cloak)
rCorr   .          Rampage  .   (no gloves)
Will    .....                   (no boots)
Stlth   +.........              (no amulet)
HPRegen 0.06/turn               (no ring)
MPRegen 0.09/turn               (no ring)

@: brilliant, lethally poisoned (0 -> -6)
A: spiny 1
a: no special abilities


You were on level 2 of the Dungeon.
You visited 1 branch of the dungeon, and saw 2 of its levels.

You collected 28 gold pieces.

Inventory:

Hand Weapons
 a - a +0 short sword (weapon)
Armour
 b - a +0 buckler
 c - a +0 robe (worn)
Scrolls
 d - a scroll of fog {unknown}
 e - 2 scrolls of enchant armour {unknown}


   Skills:
 - Level 1.7 Short Blades
 - Level 1.0 Dodging
 - Level 1.7 Shields
 + Level 2.3 Spellcasting
 * Level 3.6 Summonings


You had 4 spell levels left.
You knew the following spells:

 Your Spells              Type           Power      Damage    Failure   Level
a - Summon Small Mammal   Summ           60%        N/A       6%          1

Your spell library contained the following spells:

 Spells                   Type           Power      Damage    Failure   Level
 Call Canine Familiar     Summ           15%        N/A       19%         3
 Summon Ice Beast         Ice/Summ       8%         N/A       77%         4


Dungeon Overview and Level Annotations

Branches:
Dungeon (2/15)

Altars:

Shops:
D:1 *


Innate Abilities, Weirdness & Mutations

You are partially covered in sharp spines.


Message History

Your rat bites the kobold.
The kobold dies!
Magic restored.
You now have 13 gold pieces.
Things that are here:
a +0 dagger; 5 stones; a kobold corpse Your rat disappears in a puff of smoke!
You now have enough gold to buy a sapphire potion on D:1, buy a scroll labelled ALADATW VISK on D:1, buy a scroll labelled SYDOGI LALOGHY on D:1, or buy a scroll labelled YWIXTU KATI on D:1.
You can access your shopping list by pressing '$'.
You now have 17 gold pieces (gained 4).
You now have 28 gold pieces (gained 11).
A goblin comes into view. It is wielding a +0 club.
The goblin shouts!
You hear an angry hiss.
The goblin is struck by your spines. The goblin hits you with a +0 club.
Your bat barely misses the goblin.
The goblin hits you with a +0 club.
You hit the goblin.
You kill the goblin!
The adder bites you.
You are poisoned.
The adder poisons you!
Your rat bites the adder.
You miss the adder.
The adder is moderately wounded.
You feel sick.
Your bat barely misses the adder.
Your bat misses the adder. The adder barely misses you.
Your rat bites the adder but does no damage.
You hit the adder.
The adder is heavily wounded.
You feel sick.
Your bat hits the adder.
Your bat closely misses the adder.
The adder bites you.
Your rat barely misses the adder.
You hit the adder.
The adder is severely wounded.
You feel sick.
Your bat barely misses the adder.
The adder bites you.
You are lethally poisoned!
The adder poisons you! The adder is struck by your spines.
The adder bites you but does no damage.
Your rat closely misses the adder.
It was a potion of brilliance.
You feel clever all of a sudden.
* * * LOW HITPOINT WARNING * * *
You feel sick.
Your bat closely misses the adder.
The adder bites you.
You die...

######## ######
.......# ##......
######.#######.....# #
#.............# ##
#########.....# .####
########..b.####
....####.........r....
.##.......######)S.##
########..######@#.# #
#.........#.# #
#.#########.# # #.# S#
########.# .#
......##.# #####.#
......##.#####.....####
......##<.............#
.........#####.######.#


You could see an adder (ally target), a friendly bat (summoned) and a friendly
rat (summoned).

Vanquished Creatures
  A giant cockroach (D:1)
  A goblin (D:2)
  A hobgoblin (D:1)
  A quokka (D:1)
  A ball python (D:1)
  2 bats (D:1)
  A rat (D:1)
8 creatures vanquished.

Vanquished Creatures (collateral kills)
  An endoplasm (D:1)
  A goblin (D:1)
  2 bats (D:1)
  A frilled lizard (D:1)
  3 kobolds
  A rat (D:1)
9 creatures vanquished.

Grand Total: 17 creatures vanquished

Notes
Turn   | Place    | Note
-------+----------+-------------------------------------------
     0 | D:1      | freelancePsychic the Demonspawn Wanderer began the quest
                  | for the Orb.
     0 | D:1      | freelancePsychic set off with the following items: a +0
                  | short sword, a +0 buckler, a +0 robe; and the following
                  | spell memorised: Summon Small Mammal; and the following
                  | spells available to memorise: Call Canine Familiar, Summon
                  | Ice Beast
     0 | D:1      | Reached XP level 1. HP: 13/13 MP: 3/3
   670 | D:1      | Gained mutation: You are partially covered in sharp spines.
                  | [demonic ancestry]
   670 | D:1      | Reached XP level 2. HP: 19/19 MP: 1/5
  1446 | D:1      | Found Tottooff's Assorted Antiques.
  1893 | D:2      | Slain by an adder

Illustrated notes

Levels and vault maps discovered:
D:1:      dpeg_arrival_three_bigger_balls, layout_basic, serial_shops, shop,
          roderic_serpentine_path
D:2:      layout_loops_ring

Action                   || total
-------------------------++-------
Melee: Short sword       ||    21
 Cast: Summon Small Mamm ||    23
  Use: Potion            ||     1
 Stab: Sleeping          ||     1
Armor: Robe              ||     7
Dodge: Dodged            ||    21

Table legend: (Time is in decaauts)
 A = Elapsed time spent in this place.
 B = Non-inter-level travel time spent in this place.
 C = Inter-level travel time spent in this place.
 D = Time resting spent in this place.
 E = Time spent auto-exploring this place.
 F = Levels seen in this place.
 G = Mean time per level.
                   A        B        C        D        E       F      G
               +--------+--------+--------+--------+--------+-----+--------+
         Total |   1892 |   1849 |     43 |      0 |   1650 |   2 |  946.0 |
       Dungeon |   1892 |   1849 |     43 |      0 |   1650 |   2 |  946.0 |
               +--------+--------+--------+--------+--------+-----+--------+

Top non-repeatable levels by time:
     D:1: 1727 daAuts
     D:2: 165 daAuts
